 Dungeon Crawl Stone Soup version 0.20-a0-277-g7db01f4 (webtiles) character file.

23163 Junicave the Geomancer (level 13, -3/75 HPs)
             Began as a Gargoyle Earth Elementalist on Dec 13, 2016.
             Was an Elder of Vehumet.
             Slain by Snorg (11 damage)
             ... on level 5 of the Lair of Beasts.
             The game lasted 02:40:16 (20017 turns).

Junicave the Geomancer (GrEE)                      Turns: 20017, Time: 02:40:17

Health: -3/75      AC: 19    Str: 17    XL:     13   Next: 4%
Magic:  3/27       EV: 12    Int: 25    God:    Vehumet [****..]
Gold:   887        SH: 15    Dex: 10    Spells: 10/32 levels left

rFire  . . .     SeeInvis .     C - +1 mace (drain)
rCold  . . .     Gourm    .     i - +0 robe
rNeg   + . .     Faith    .     W - +2 shield of Compression {Int+4}
rPois  ∞         Spirit   .     V - +0 helmet
rElec  +         Reflect  +     (no cloak)
rCorr  .         Harm     .     S - +0 pair of gloves
MR     .....                    (no boots)
Stlth  ++........               y - +3 amulet of reflection
                                J - +5 ring of protection
                                K - +5 ring of strength

@: no status effects
A: negative energy resistance 1, electricity resistance, unbreathing,
petrification resistance, rot immunity, AC +9
a: Renounce Religion


You were on level 5 of the Lair of Beasts.
You worshipped Vehumet.
Vehumet was greatly pleased with you.
You were hungry.

You visited 3 branches of the dungeon, and saw 15 of its levels.

You collected 887 gold pieces.

Inventory:

Hand Weapons
 B - the +0 flail of Maucan {speed, rElec Str+3 Int-2 SInv}
   (You found it on level 3 of the Lair of Beasts)

   Attacks with this weapon are significantly faster.
   It affects your strength (+3).
   It affects your intelligence (-2).
   It insulates you from electricity.
   It lets you see invisible.
 C - a +1 mace of draining (weapon)
 U - a +3 falchion of holy wrath
Missiles
 b - 565 stones (quivered)
Armour
 i - a +0 robe (worn)
 S - a +0 pair of gloves (worn)
 V - a +0 helmet (worn)
 W - the +2 shield of Compression (worn) {Int+4}
   (You found it on level 6 of the Dungeon)

   It affects your intelligence (+4).
Magical Staves
 X - an uncursed staff of cold
Rods
 I - a +4 rod of inaccuracy (9/9)
   (You found it on level 1 of the Lair of Beasts)
Jewellery
 g - an uncursed amulet of magic regeneration
 m - an uncursed ring of positive energy
 v - an uncursed ring of poison resistance
 y - a +3 amulet of reflection (around neck)
 J - a +5 ring of protection (right hand)
 K - a +5 ring of strength (left hand)
Wands
 c - a wand of iceblast (7/15)
 s - a wand of paralysis (11/24)
 A - a wand of confusion (21/48)
 D - a wand of paralysis (8/24)
 N - a wand of flame (11/48)
 Z - a wand of slowing (33/48)
Scrolls
 l - a scroll of remove curse
 x - 3 scrolls of identify
 F - a scroll of enchant armour
 Q - 3 scrolls of teleportation
Potions
 a - 8 potions of curing
 h - a potion of ambrosia
 o - 3 potions of cure mutation
 t - a potion of heal wounds
 u - a potion of lignification
 w - a potion of berserk rage
 z - 4 potions of flight
 E - 2 potions of brilliance
 G - a potion of agility {unknown}
 H - 2 potions of might
 O - a potion of mutation {unknown}
 P - a potion of invisibility {unknown}
 R - a potion of cancellation {unknown}
Books
 e - a book of Geomancy

   Spells                             Type                      Level
   a - Sandblast                      Earth                        1
   b - Passwall                       Transmutation/Earth          2
   c - Stone Arrow                    Conjuration/Earth            3
   d - Petrify                        Transmutation/Earth          4
   e - Lee's Rapid Deconstruction     Earth                        5
 j - a book of Maledictions

   Spells                             Type                      Level
   a - Corona                         Hexes                        1
   b - Ensorcelled Hibernation        Hexes/Ice                    2
   c - Confuse                        Hexes                        3
   d - Tukima's Dance                 Hexes                        3
   e - Dazzling Spray                 Conjuration/Hexes            3
 M - a book of the Earth

   Spells                             Type                      Level
   a - Leda's Liquefaction            Hexes/Earth                  4
   b - Bolt of Magma                  Conjuration/Fire/Earth       5
   c - Statue Form                    Transmutation/Earth          6
   d - Iron Shot                      Conjuration/Earth            6
   e - Shatter                        Earth                        9
 T - a book of Misfortune

   Spells                             Type                      Level
   a - Confusing Touch                Hexes                        1
   b - Confuse                        Hexes                        3
   c - Gell's Gravitas                Hexes/Translocation          3
   d - Petrify                        Transmutation/Earth          4
   e - Metabolic Englaciation         Hexes/Ice                    5
   f - Yara's Violent Unravelling     Hexes/Transmutation          5
Miscellaneous
 p - a disc of storms
Comestibles
 d - 6 bread rations
 f - a royal jelly
 k - 14 fruits
 n - 9 slices of pizza
 q - 6 meat rations
 r - 3 beef jerkies


   Skills:
 + Level 6.5 Fighting
 + Level 5.3 Maces & Flails
 - Level 6.8 Armour
 + Level 5.6 Dodging
 - Level 2.1 Stealth
 - Level 6.8 Shields
 * Level 10.0 Spellcasting
 * Level 8.6 Conjurations
   Level 0.7 Transmutations
 * Level 10.4 Earth Magic
 + Level 5.6 Evocations


You had 10 spell levels left.
You knew the following spells:

 Your Spells              Type           Power        Failure   Level  Hunger
a - Sandblast             Erth           ######       1%          1    None
b - Stone Arrow           Conj/Erth      ######       1%          3    None
c - Lee's Rapid Deconstr  Erth           ######....   2%          5    ####...
d - Dazzling Spray        Conj/Hex       ####..       2%          3    None
e - Shock                 Conj/Air       ####         1%          1    None
f - Flame Tongue          Conj/Fire      ####.        1%          1    None
g - Static Discharge      Conj/Air       ####....     2%          3    None
h - Bolt of Magma         Conj/Fire/Erth #####.....   10%         5    ####...


Dungeon Overview and Level Annotations

Branches:
Dungeon (9/15)             Temple (1/1) D:7            Lair (5/6) D:9
 Shoals (0/4) Lair:4       Spider (0/4) Lair:3
  Slime: Lair:5-6       Orc: D:9-12

Altars:
Ashenzari
Cheibriados
Dithmenos
Elyvilon
Fedhas
Gozag
Hepliaklqana
Kikubaaqudgha
Makhleb
Nemelex Xobeh
Okawaru
Qazlal
Ru
Sif Muna
Trog
Uskayaw
Vehumet
Xom
Yredelemnul
Zin
The Shining One

Shops:
D:9 ?

Annotations:
Lair:5 Kirke, Snorg


Innate Abilities, Weirdness & Mutations

You are resistant to torment.
Your stone body is resilient. (AC +9)
You are immune to poison.
You resist negative energy. (rN+)
You are resistant to electric shocks. (rElec)
You can survive without breathing.
You are immune to petrification.
You are immune to rotting.


Message History

You block Snorg's attack. Snorg claws you but does no damage.
You block Snorg's attack.
Zapping:
Z - a wand of slowing (?/48) {recharged} (will waste charges)
Press: ? - help, Shift-Dir - straight line, f/p - Snorg
Aim: Snorg (severely wounded, berserk, fast, unusually strong, chance to defeat MR: 34%) Snorg easily resists.
Evoking this partially-identified wand wasted a few charges.
You block Snorg's attack. Snorg completely misses you. Snorg claws you.
* * * LOW HITPOINT WARNING * * *
You block Snorg's attack. Snorg claws you but does no damage. x2
You hear an angry hiss.
A water moccasin comes into view.
Snorg bites you.
* * * LOW HITPOINT WARNING * * *
Snorg claws you.
* * * LOW HITPOINT WARNING * * *
Snorg closely misses you.
Snorg rages.
Snorg bites you!
You die...

..... ##...
.................P # ...
#................# #
.....###...............### #
.#.P..#..................#
.. ........................#
...........................#
...........................#
................@..........#
....S.S...##T###P.......#
.............# #......##.
.............# #P#....#
............######....#
.............#.#......#
.........P............#
..............P....#P##
.........###.......###


You could see Snorg (berserk) and a water moccasin.

Vanquished Creatures
  The ghost of Leibowitz the Covert, a journeyman DgGl (Lair:5)
  4 hydras
  Harold (Lair:2)
  A necromancer (Lair:4)
  The ghost of nataq the Skirmisher, a novice DsFi of Cheibriados (D:7)
  3 black mambas
  A merfolk siren (Lair:4)
  3 spiny frogs
  6 komodo dragons
  2 rime drakes (Lair:3)
  A troll (D:9)
  2 polar bears
  4 jumping spiders (Lair:3)
  A slime creature (Lair:2)
  5 blink frogs (Lair:4)
  3 hippogriffs (D:8)
  3 redbacks (Lair:3)
  20 yaks
  A basilisk (Lair:3)
  A hog (Lair:4)
  Duvessa (D:6)
  13 water moccasins
  5 porcupines
  3 orc warriors
  A sky beast (D:9)
  A phantom (D:4)
  3 ice beasts
  2 elephant zombies (Lair:4)
  3 ogres
  A centaur (D:7)
  5 wolves
  8 crocodiles
  2 big kobolds
  Blork the orc (D:5)
  11 bullfrogs
  Dowan (D:6)
  A scorpion (D:4)
  4 wights
  A howler monkey (D:3)
  5 electric eels
  3 crimson imps
  2 bullfrog zombies (D:6)
  5 jellies (Lair:2)
  5 hounds
  A bullfrog skeleton (D:6)
  Terence (D:3)
  4 orc wizards
  11 worker ants
  A killer bee zombie (D:8)
  A crocodile zombie (Lair:4)
  A howler monkey zombie (D:7)
  A worker ant zombie (D:8)
  7 gnolls
  14 adders
  4 white imps (D:9)
  2 worker ant simulacra (D:9)
  2 shadow imps
  19 oozes
  An adder skeleton (D:5)
  2 worms
  4 dart slugs
  An adder simulacrum (D:9)
  5 leopard geckos
  28 orcs
  17 giant cockroaches
  15 hobgoblins
  5 jackals
  20 kobolds
  4 quokkas
  2 ball pythons
  6 bats
  4 frilled lizards
  7 goblins
  A jackal skeleton (D:5)
  6 rats
  10 fungi
  A plant (Lair:1)
359 creatures vanquished.

Vanquished Creatures (others)
  A centaur (D:9)
  9 fungi
  A plant (Lair:3)
11 creatures vanquished.

Grand Total: 370 creatures vanquished

Notes
Turn   | Place    | Note
-------+----------+-------------------------------------------
     0 | D:1      | Junicave the Gargoyle Earth Elementalist began the quest for the Orb.
     0 | D:1      | Reached XP level 1. HP: 10/10 MP: 3/3
   317 | D:1      | Reached XP level 2. HP: 15/15 MP: 0/5
   885 | D:1      | Reached XP level 3. HP: 19/19 MP: 5/7
  1105 | D:1      | Learned a level 3 spell: Stone Arrow
  1389 | D:2      | Found a deep blue altar of Sif Muna.
  1576 | D:2      | Reached XP level 4. HP: 18/24 MP: 3/8
  2199 | D:2      | Reached skill level 1 in Conjurations
  2504 | D:2      | Reached XP level 5. HP: 28/28 MP: 8/10
  3059 | D:3      | Reached skill level 5 in Earth Magic
  3209 | D:3      | Noticed Terence
  3264 | D:3      | Killed Terence
  4088 | D:3      | Reached XP level 6. HP: 19/32 MP: 8/12
  4284 | D:4      | Learned a level 5 spell: Lee's Rapid Deconstruction
  4509 | D:4      | Noticed a phantom
  4644 | D:4      | Killed a phantom
  4644 | D:4      | Reached skill level 5 in Spellcasting
  4644 | D:4      | Reached XP level 7. HP: 15/36 MP: 3/14
  5155 | D:5      | Entered Level 5 of the Dungeon
  5349 | D:5      | Reached skill level 1 in Shields
  5659 | D:5      | Noticed Blork the orc
  5675 | D:5      | Killed Blork the orc
  5675 | D:5      | Reached skill level 1 in Armour
  6474 | D:6      | Reached skill level 1 in Evocations
  6474 | D:6      | Reached XP level 8. HP: 42/42 MP: 12/16
  6576 | D:6      | Reached skill level 1 in Fighting
  6576 | D:6      | Reached skill level 1 in Maces & Flails
  6893 | D:6      | Got a translucent shield
  6923 | D:6      | Learned a level 3 spell: Dazzling Spray
  7270 | D:6      | Noticed Duvessa
  7434 | D:6      | Killed Duvessa
  7494 | D:6      | Noticed Dowan
  7584 | D:6      | Killed Dowan
  7717 | D:7      | Found a white marble altar of Elyvilon.
  7729 | D:7      | Found an opulent altar of Gozag.
  7738 | D:7      | Found a stormy altar of Qazlal.
  7747 | D:7      | Found a sparkling altar of Nemelex Xobeh.
  7849 | D:7      | Found a staircase to the Ecumenical Temple.
  7855 | Temple   | Entered the Ecumenical Temple
  7880 | Temple   | Became a worshipper of Vehumet
  8020 | D:7      | Found a sacrificial altar of Ru.
  8023 | D:7      | Noticed nataq's ghost (novice DsFi)
  8411 | D:7      | Killed nataq's ghost
  8411 | D:7      | Reached skill level 5 in Conjurations
  8411 | D:7      | Reached XP level 9. HP: 8/49 MP: 0/18
  9877 | D:8      | Reached * piety under Vehumet
  9877 | D:8      | Offered knowledge of Shock by Vehumet.
  9921 | D:8      | Learned a level 1 spell: Shock
 10009 | D:8      | Reached XP level 10. HP: 56/56 MP: 15/20
 10517 | D:9      | Found an iron altar of Okawaru.
 10563 | D:9      | Found Osuvom's Magic Scroll Emporium.
 11437 | D:9      | Found a staircase to the Lair.
 11529 | D:9      | Identified the +2 shield of Compression {Int+4} (You found it on level 6 of the Dungeon)
 11636 | D:9      | Reached ** piety under Vehumet
 11636 | D:9      | Offered knowledge of Flame Tongue by Vehumet.
 12007 | Lair:1   | Entered Level 1 of the Lair of Beasts
 12277 | Lair:1   | Reached skill level 5 in Armour
 12277 | Lair:1   | Reached skill level 5 in Shields
 12374 | Lair:1   | Noticed a four-headed hydra
 12425 | D:9      | Learned a level 1 spell: Flame Tongue
 12432 | Lair:1   | Killed a four-headed hydra
 12432 | Lair:1   | Reached XP level 11. HP: 49/62 MP: 5/23
 12737 | Lair:1   | Identified a +4 rod of inaccuracy (9/9) (You found it on level 1 of the Lair of Beasts)
 13681 | Lair:2   | Noticed Harold
 13691 | Lair:2   | Killed Harold
 13856 | Lair:2   | Reached skill level 5 in Fighting
 14101 | Lair:2   | Offered knowledge of Ignite Poison by Vehumet.
 14123 | Lair:2   | Reached *** piety under Vehumet
 14605 | Lair:3   | Noticed a seven-headed hydra
 14616 | Lair:3   | Killed a seven-headed hydra
 14891 | Lair:3   | Found a blossoming altar of Fedhas.
 14897 | Lair:3   | Got a bone flail
 14898 | Lair:3   | Identified the cursed +0 flail of Maucan {speed, rElec Str+3 Int-2 SInv} (You found it on level 3 of the Lair of Beasts)
 15292 | Lair:3   | Found a hole to the Spider Nest.
 15758 | Lair:3   | Offered knowledge of Static Discharge by Vehumet.
 15831 | Lair:3   | Reached XP level 12. HP: 46/68 MP: 4/25
 16307 | Lair:3   | Reached skill level 5 in Dodging
 16312 | Lair:3   | Learned a level 3 spell: Static Discharge
 16934 | Lair:3   | Reached skill level 5 in Evocations
 17338 | Lair:4   | Found a staircase to the Shoals.
 17454 | Lair:4   | Learned a level 5 spell: Bolt of Magma
 17778 | Lair:4   | Noticed an eight-headed hydra
 17783 | Lair:4   | Killed an eight-headed hydra
 17791 | Lair:4   | Reached **** piety under Vehumet
 18189 | Lair:4   | Offered knowledge of Fireball by Vehumet.
 18677 | Lair:4   | Reached skill level 5 in Maces & Flails
 19150 | Lair:5   | Noticed Leibowitz's ghost (journeyman DgGl)
 19264 | Lair:5   | Reached skill level 10 in Earth Magic
 19468 | Lair:5   | Killed Leibowitz's ghost
 19684 | Lair:5   | Noticed Kirke
 19805 | Lair:5   | Noticed an eight-headed hydra
 19811 | Lair:5   | Killed an eight-headed hydra
 19811 | Lair:5   | Reached skill level 10 in Spellcasting
 19811 | Lair:5   | Reached XP level 13. HP: 45/75 MP: 13/27
 20001 | Lair:5   | Noticed Snorg
 20017 | Lair:5   | Slain by Snorg

Vault maps used:
D:1:      dpeg_arrival_long_road
D:2:      minmay_roachtagon, nicolae_overflow_hidden_temple,
          minmay_split_cup_large
D:3:      uniq_terence
D:4:      first_bread, grunt_ministairs_12, kennysheep_cluttered_room
D:5:      kennysheep_flooded_box, corexii_checkpoint_a, uniq_blork_the_orc
D:6:      wad_crossroads, minmay_misc_feat_doors, uniq_duvessa
D:7:      grunt_temple_overflow_cloverleaf, nicolae_ru_sacrificial_ziggurat
D:8:      grunt_pizzeria
D:9:      lair_entry_dummy, serial_shops, nicolae_shop_statue_plus, serial_ice,
          serial_ice_i, serial_ice_a, serial_ice_f, serial_ice_n, serial_ice_b,
          serial_ice_h, okawaru_gym_becter
Temple:   regret_index_temple_waves
Lair:2:   lemuel_slime, uniq_harold
Lair:3:   nicolae_spider_entry_tight_spaces, basic_altar,
          cheibrodos_lair_reptile_den, infiniplex_staircase_pool
Lair:4:   pond_and_an_island_with_a_cottage, minmay_shoals_entry_lonely_mermaid
Lair:5:   uniq_kirke, uniq_snorg

Skill      XL: |  1  2  3  4  5  6  7  8  9 10 11 12 |
---------------+-------------------------------------+-----
Earth Magic    | 4 5 6 7 8 10 | 10.4
Spellcasting   | 3 4 5 6 7 8 9 10 | 10.0
Conjurations   | 1 2 3 5 6 7 8 |  8.6
Shields        | 1 2 4 5 6 |  6.8
Armour         | 1 3 4 5 6 |  6.8
Dodging        | 2 3 4 5 |  5.6
Evocations     | 1 2 3 4 5 |  5.6
Fighting       | 2 3 4 5 6 |  6.5
Maces & Flails | 1 2 3 4 5 |  5.3
Stealth        | |  2.1
Transmutations | |  0.7

Action                   |  1- 3 |  4- 6 |  7- 9 | 10-12 | 13-15 || total
-------------------------+-------+-------+-------+-------+-------++-------
Melee: Whip              |     3 |    16 |    28 |       |       ||    47
       Falchion          |       |       |    49 |       |       ||    49
       Trident           |       |       |    93 |    37 |       ||   130
       Mace              |       |       |       |   295 |       ||   295
 Cast: Sandblast         |    66 |   239 |   248 |    56 |       ||   609
       Stone Arrow       |       |       |    57 |   223 |     6 ||   286
       Lee's Rapid Decon |       |       |     3 |     3 |       ||     6
       Dazzling Spray    |       |       |    10 |     4 |     3 ||    17
       Shock             |       |       |     3 |   161 |     2 ||   166
       Flame Tongue      |       |       |       |    17 |       ||    17
       Bolt of Magma     |       |       |       |    18 |     2 ||    20
       Static Discharge  |       |       |       |     1 |       ||     1
Evoke: Wand              |       |       |     2 |     8 |     1 ||    11
       Box of beasts     |       |       |       |     1 |       ||     1
  Use: Potion            |       |     1 |       |     6 |       ||     7
       Scroll            |       |       |    12 |    14 |       ||    26
 Stab: Sleeping          |     2 |       |     1 |     1 |       ||     4
       Invisible         |       |       |     1 |       |       ||     1
  Eat: Chunk             |     2 |     7 |    18 |    31 |       ||    58
       Fruit             |       |     1 |     3 |     5 |       ||     9
       Royal jelly       |       |       |     1 |       |       ||     1
Armor: Robe              |    32 |    67 |   201 |   257 |     4 ||   561
Dodge: Dodged            |    40 |   124 |   289 |   209 |     3 ||   665
Block: Shield            |       |       |       |   303 |     9 ||   312
       Reflection        |       |       |       |     2 |       ||     2
       Rpst.: Falchion   |       |       |    28 |       |       ||    28
